 Dungeon Crawl Stone Soup version 0.23.2-30-g0e89c35649 (webtiles) character file.

Game seed: 16490030420252835995

237232 incorrigible the Brawler (level 18, -19/181 HPs)
             Began as a Troll Venom Mage on June 10, 2019.
             Was the Champion of Elyvilon.
             Demolished by Sojobo
             ... wielding a +0 great sword of electrocution
              (25 damage)
             ... on level 1 of the Vaults on June 11, 2019.
             The game lasted 04:37:19 (52288 turns).

incorrigible the Brawler (Troll Venom Mage)        Turns: 52288, Time: 04:37:20

Health: -19/181    AC: 25    Str: 26    XL:     18   Next: 96%
Magic:  27/29      EV:  9    Int: 12    God:    Elyvilon [******]
Gold:   3376       SH: 12    Dex: 14    Spells: 16/33 levels left

rFire    . . .     SeeInvis .     - Unarmed
rCold    + + +     Gourm    +   y - +0 shield {reflect}
rNeg     . . .     Faith    .   Y - +0 ice dragon scales
rPois    +         Spirit   .   K - +1 hat of the Hart {rF+}
rElec    .         Reflect  +   z - +2 cloak {rPois}
rCorr    .         Harm     .   (gloves unavailable)
MR       +....                  (boots unavailable)
Stlth    +.........             S - amulet of the acrobat
HPRegen  0.80/turn              s - ring of wizardry
MPRegen  0.21/turn              G - ring of the Jester {rC+ Str+4 Int-4 Dex+4}

@: about to teleport, flying (expiring)
A: large, unfitting armour, claws 3, hooves 1, rugged brown scales 1, thin
metallic scales 1, fast metabolism 3, gourmand, regeneration 1, shaggy fur 1,
tough skin 3, sturdy frame 1
}: 1/15 runes: gossamer
a: Lesser Healing, Heal Other, Purification, Greater Healing, Divine Vigour,
Divine Protection, Renounce Religion


You were on level 1 of the Vaults.
You worshipped Elyvilon.
Elyvilon was exalted by your worship.
You were very full.

You visited 8 branches of the dungeon, and saw 35 of its levels.
You visited the Abyss 1 time.
You also visited: Gauntlet.

You collected 3642 gold pieces.
You spent 266 gold pieces at shops.

Inventory:

Hand Weapons
 a - a +2 scimitar of flaming
 D - a +9 eveningstar of venom
Missiles
 I - 25 large rocks (quivered)
 W - a javelin
Armour
 y - a +0 shield of reflection (worn)
 z - a +2 cloak of poison resistance (worn)
 K - the +1 hat of the Hart (worn) {rF+}
   (You found it in a Gauntlet)

   It protects you from fire.
 Q - a scarf of resistance
 Y - +0 ice dragon scales (worn)
Jewellery
 k - an uncursed ring of resist corrosion
 m - an uncursed ring of protection from fire
 s - a ring of wizardry (left claw)
 x - the ring of the Present {rN+ Stlth+}
   (You found it on level 15 of the Dungeon)

   [ring of stealth]

   It protects you from negative energy.
   It makes you more stealthy.
 G - the ring of the Jester (right claw) {rC+ Str+4 Int-4 Dex+4}
   (You found it on level 15 of the Dungeon)

   [ring of protection from cold]

   It affects your strength (+4).
   It affects your intelligence (-4).
   It affects your dexterity (+4).
   It protects you from cold.
 S - an amulet of the acrobat (around neck)
 T - the ring of Imesh {+Fly rF+ Str+3}
   (You found it on level 15 of the Dungeon)

   [ring of protection from fire]

   It affects your strength (+3).
   It protects you from fire.
   It lets you fly.
 V - an uncursed ring of see invisible
Wands
 e - a wand of enslavement (23)
 w - a wand of flame (138)
 E - a wand of scattershot (8)
 L - a wand of digging (17)
 M - a wand of paralysis (37)
 O - a wand of disintegration (1)
 R - a wand of acid (3)
 U - a wand of clouds (6)
Scrolls
 b - 11 scrolls of identify
 f - 3 scrolls of amnesia
 g - 14 scrolls of remove curse
 h - 16 scrolls of teleportation
 p - 7 scrolls of blinking
 q - 3 scrolls of fear
 r - 4 scrolls of magic mapping
 v - 3 scrolls of enchant armour
 B - 5 scrolls of fog
 C - a scroll of summoning
 Z - a scroll of enchant weapon
Potions
 d - 6 potions of heal wounds
 i - 3 potions of haste
 n - 4 potions of brilliance
 o - a potion of cancellation
 t - 11 potions of curing
 u - a potion of invisibility
 A - 4 potions of flight
 F - 5 potions of agility
 H - 2 potions of magic
 J - 7 potions of lignification
 N - 3 potions of ambrosia
Miscellaneous
 X - a box of beasts
Comestibles
 c - 34 rations


   Skills:
 * Level 10.5 Fighting
 - Level 2.0 Maces & Flails
 - Level 4.0 Throwing
 - Level 11.0 Armour
 - Level 1.5 Dodging
 - Level 1.0 Stealth
 - Level 9.0 Shields
 + Level 18.3 Unarmed Combat
 - Level 8.0 Spellcasting
 - Level 3.0 Conjurations
 - Level 1.1 Hexes
 - Level 7.0 Summonings
 - Level 2.4 Transmutations
 - Level 6.0 Air Magic
 - Level 3.0 Earth Magic
 - Level 7.0 Poison Magic
 - Level 1.0 Invocations
 * Level 4.4 Evocations


You had 16 spell levels left.
You knew the following spells:

 Your Spells              Type           Power        Failure   Level  Hunger
a - Sting                 Conj/Pois      ###.         1%          1    None
b - Poisonous Vapours     Pois/Air       ###...       1%          2    #......
c - Mephitic Cloud        Conj/Pois/Air  ###.....     3%          3    ##.....
d - Olgreb's Toxic Radia  Pois           ###.....     6%          4    ####...
e - Passwall              Tmut/Erth      ##......     4%          2    #......
f - Confusing Touch       Hex            #.....       6%          1    None
g - Summon Lightning Spi  Summ/Air       ###.....     7%          4    ####...

Your spell library contained the following spells:

 Spells                   Type           Power        Failure   Level  Hunger
 Summon Small Mammal      Summ           ###.         1%          1    None
 Call Imp                 Summ           ###.....     1%          2    #......
 Call Canine Familiar     Summ           ###.....     1%          3    ##.....
 Magic Dart               Conj           ##..         2%          1    None
 Sandblast                Erth           ##....       2%          1    None
 Searing Ray              Conj           ##....       4%          2    #......
 Summon Guardian Golem    Hex/Summ       ##......     6%          3    ##.....
 Recall                   Summ/Tloc      N/A          7%          3    ##.....
 Ignite Poison            Fire/Tmut/Pois ##......     9%          3    ##.....
 Stone Arrow              Conj/Erth      ##....       9%          3    ##.....
 Dazzling Spray           Conj/Hex       #.....       13%         3    ##.....
 Confuse                  Hex            #.......     19%         3    ##.....
 Summon Ice Beast         Ice/Summ       ##......     22%         4    ####...
 Iskenderun's Mystic Bla  Conj           ##......     26%         4    ####...
 Gell's Gravitas          Tloc           #.........   28%         3    ##.....
 Petrify                  Tmut/Erth      ##......     32%         4    ####...
 Venom Bolt               Conj/Pois      ###.......   32%         5    ######.
 Fulminant Prism          Conj/Hex       #.........   38%         4    ####...
 Force Lance              Conj/Tloc      #.......     45%         4    ####...
 Throw Icicle             Conj/Ice       #.......     45%         4    ####...
 Cause Fear               Hex            #.........   50%         4    ####...
 Ice Form                 Ice/Tmut       #.......     50%         4    ####...
 Silence                  Hex/Air        ##........   50%         5    ######.
 Summon Forest            Summ/Tloc      ##........   52%         5    ######.
 Lee's Rapid Deconstruct  Erth           ##........   58%         5    ######.
 Shadow Creatures         Summ           N/A          61%         6    #######
 Animate Dead             Necr           N/A          65%         4    ####...
 Bolt of Magma            Conj/Fire/Erth #.........   71%         5    ######.
 Yara's Violent Unravell  Hex/Tmut       #.........   75%         5    ######.
 Borgnjor's Vile Clutch   Necr/Erth      #.........   78%         5    ######.
 Fireball                 Conj/Fire      #.........   78%         5    ######.
 Iskenderun's Battlesphe  Conj/Chrm      #.......     78%         5    ######.
 Metabolic Englaciation   Hex/Ice        #.........   89%         5    ######.
 Deflect Missiles         Chrm/Air       ##........   98%         6    #######
 Iron Shot                Conj/Erth      ##........   98%         6    #######
 Bolt of Fire             Conj/Fire      #.........   100%        6    #######
 Death Channel            Necr           #.........   100%        6    #######
 Simulacrum               Ice/Necr       #.........   100%        6    #######
 Orb of Destruction       Conj           ##........   100%        7    #######
 Ring of Flames           Chrm/Fire      #.........   100%        7    #######
 Spellforged Servitor     Conj/Summ      ###.......   100%        7    #######
 Discord                  Hex            #.........   100%        8    #######
 Ignition                 Fire           #.........   100%        8    #######


Dungeon Overview and Level Annotations

Branches:
Dungeon (15/15)            Temple (1/1) D:4            Lair (6/6) D:10
  Swamp (4/4) Lair:4       Spider (4/4) Lair:4        Slime (0/5) Lair:6
    Orc (2/2) D:10            Elf (2/3) Orc:2        Vaults (1/5) D:14
 Depths (0/5) D:15

Altars:
Ashenzari
Cheibriados
Dithmenos
Elyvilon
Fedhas
Gozag
Hepliaklqana
Kikubaaqudgha
Makhleb
Nemelex Xobeh
Okawaru
Qazlal
Ru
Trog
Uskayaw
Vehumet
Wu Jian
Xom
Yredelemnul
Zin
The Shining One
Beogh
Jiyva

Shops:
D:4 [   D:12 (   D:15 }?*   Orc:2 [(!?

Portals:
Hell: Lair:6

Annotations:
D:5 2 transporters, exclusion: downstairs
D:6 Blork the orc
D:9 2 transporters, DKeggars's ghost, novice MiFi
D:10 exclusion: downstairs
D:11 exclusion: 2 downstairs
D:14 exclusion: 2 downstairs
Lair:2 exclusion: 2 downstairs
Lair:4 exclusion: 2 downstairs
Lair:5 exclusion: downstairs
Swamp:1 exclusion: 2 downstairs
Swamp:2 exclusion: downstairs
Swamp:3 exclusion: 2 downstairs
Swamp:4 Louise
Spider:3 exclusion: downstairs
Elf:2 5 runed translucent doors
Vaults:1 Asterion; Sojobo


Innate Abilities, Weirdness & Mutations

You are too large for most types of armour.
You have claws for hands.
Your metabolism is lightning-fast.
You like to eat raw meat.
Your natural rate of healing is unusually fast.
You are covered in fur. (AC +1)
You have extremely tough skin. (AC +3)
You have large cloven feet.
You are partially covered in rugged brown scales. (AC +1, +3% HP)
You are partially covered in thin metallic scales. (AC +2)
Your movements are slightly less encumbered by armour. (ER -2)


Message History

The air elemental hits you but does no damage.
The air elemental misses you.
Asterion bellows!
As you read the scroll of teleportation, it crumbles to dust.
You feel strangely unstable.
You are engulfed in raging winds.
* * * LOW HITPOINT WARNING * * *
The air elemental hits you but does no damage.
The air elemental hits you.
* * * LOW HITPOINT WARNING * * *
You block the air elemental's attack.
The air elemental hits you but does no damage.
The air elemental completely misses you.
The air elemental barely misses you.
Asterion hits you with a +1 demon trident of flaming!!
* * * LOW HITPOINT WARNING * * *
Asterion burns you!
* * * LOW HITPOINT WARNING * * *
You block Asterion's attack.
Sojobo hits you with a +0 great sword of electrocution!!
You die...

###Q#).......'H§§§§....
#...#......H.#§E§§§§...
###§#........#§.§§§§...
#..H#........#..§§§§§Q.
###.##########...§§.E§. #
#.# #....§§§..
#.#.#.#.##########......§..
.......(§QE§§§§..##########
#########H@E§§...#
#§E2§§...# .# #§§§§§...#
....#§§§§§...#
....'(..§....#
....###(###### .#.# #(# ##
#.. #^..


You could see Sojobo, Asterion, a balrug and 3 air elementals.

Vanquished Creatures
  The ghost of eskel the Thaumaturge, an adept GnWz of Sif Muna (Swamp:3)
  A thorn hunter (Swamp:2)
  Kirke (Swamp:3)
  Donald (Elf:1)
  8 emperor scorpions
  3 ghost moths (Spider:4)
  An orc warlord (D:10)
  2 ironheart preservers (D:14)
  3 entropy weavers
  The ghost of bmj180 the Brawler, a journeyman TrMo (Lair:4)
  Azrael (D:15)
  A deep elf demonologist (Elf:1)
  2 spark wasps
  A deep elf death mage (Elf:1)
  A crystal guardian (D:15)
  Fannar (Lair:2)
  Josephine (D:11)
  A rakshasa (D:15)
  2 ice dragons
  3 great orbs of eyes
  A catoblepas (Lair:4)
  6 centaur warriors
  19 hydras
  3 vault guards (D:15)
  9 death yaks
  18 alligators
  4 ghost crabs
  11 two-headed ogres
  3 shambling mangroves
  11 dancing weapons
  4 ogre magi
  5 tengu warriors (D:15)
  3 deep troll shamans (D:15)
  An orc high priest (D:12)
  6 deep elf knights
  Urug (D:11)
  A sun demon (Lair:6)
  6 skeletal warriors
  4 unseen horrors
  3 deep trolls (Vaults:1)
  2 wizards
  An ironbrand convoker (Vaults:1)
  5 swamp dragons
  4 spriggan druids
  A harpy (shapeshifter) (D:15)
  7 deep elf archers
  A necromancer (Vaults:1)
  5 orc knights
  A lindwurm (shapeshifter) (Elf:1)
  2 wolf spider zombies
  25 wolf spiders
  7 orb spiders (Spider:4)
  35 deep elf magi
  4 manticores
  2 orc sorcerers (Orc:2)
  9 ugly things
  3 moths of wrath
  9 cyclopes
  4 black mambas
  8 elephants
  Maurice (D:11)
  A gargoyle (D:11)
  13 spiny frogs
  A vault sentinel (Vaults:1)
  A torpor snail (Spider:2)
  An orange demon (Lair:6)
  A molten gargoyle (Orc:1)
  A spiny frog (shapeshifter) (Elf:2)
  4 rime drakes
  4 kobold demonologists
  12 demonic crawlers
  11 komodo dragons
  A yaktaur (shapeshifter) (D:15)
  2 ice devils (Lair:6)
  A freezing wraith (D:15)
  2 yaktaurs
  A hellwing (Lair:6)
  A human skeleton (Vaults:1)
  A polar bear (Lair:4)
  11 tyrant leeches
  2 tengu conjurers (D:15)
  A jumping spider (shapeshifter) (D:15)
  21 jumping spiders
  22 hornets
  3 bog bodies
  8 trolls
  21 blink frogs
  21 slime creatures
  10 hippogriffs
  37 redbacks
  18 tarantellas
  28 yaks
  9 wraiths
  A wyvern (D:9)
  8 spriggans
  6 shadows
  A vampire (D:11)
  3 hogs (Swamp:3)
  A fire dragon skeleton (Vaults:1)
  A water elemental (Elf:1)
  Eustachio (D:5)
  5 fire elementals
  A steam dragon (Lair:4)
  5 basilisks
  2 hungry ghosts
  6 insubstantial wisps (Swamp:1)
  11 swamp worms
  30 vampire mosquitoes
  2 wargs (Orc:2)
  An acid dragon (D:12)
  2 soldier ants (D:15)
  9 water moccasins
  2 floating eyes (D:15)
  4 hell hounds
  12 swamp drakes
  12 porcupines
  2 eyes of draining
  46 orc warriors
  2 black bears
  2 necrophages
  4 ice beasts
  3 sky beasts
  2 phantoms
  19 ogres
  2 boggarts
  50 wolves
  28 centaurs
  14 crocodiles
  A yaktaur zombie (Vaults:1)
  10 big kobolds
  22 bullfrogs
  A water moccasin zombie (D:9)
  3 scorpions
  8 killer bees
  9 wights
  3 electric eels
  6 howler monkeys
  7 crimson imps
  4 centaur zombies
  A yaktaur simulacrum (Vaults:1)
  2 bullfrog zombies
  A quasit (D:15)
  8 hounds
  12 orc priests
  2 bullfrog skeletons
  8 centaur skeletons
  2 gnoll shamans
  7 jellies
  26 orc wizards
  Ijyb (D:4)
  5 iguanas
  10 worker ants
  A howler monkey zombie (D:5)
  A worker ant zombie (D:7)
  15 gnolls
  9 adders
  3 shadow imps
  7 oozes
  2 adder zombies
  3 adder skeletons
  2 worms (D:3)
  4 dart slugs
  5 leopard geckos
  100 orcs
  5 giant cockroaches
  7 goblins
  8 hobgoblins
  15 jackals
  2 quokkas
  A ball python (D:3)
  14 bats
  3 frilled lizards
  33 kobolds
  A leopard gecko zombie (D:7)
  2 quokka skeletons (D:9)
  A quokka zombie (D:9)
  12 rats
  A fungus (Lair:6)
1278 creatures vanquished.

Vanquished Creatures (collateral kills)
  A thorn hunter (Swamp:3)
  An orc warlord (Orc:2)
  A dire elephant (Lair:6)
  A vault guard (D:15)
  4 hydras
  An alligator (Swamp:3)
  A two-headed ogre (D:14)
  A deep elf knight (Elf:1)
  A skeletal warrior (D:15)
  A deep elf archer (Elf:1)
  3 orc knights
  An orb spider (Spider:3)
  2 ugly things (D:14)
  5 deep elf magi
  A wolf spider (Spider:1)
  A manticore (D:13)
  An elephant (Lair:6)
  An orange demon (Lair:6)
  A freezing wraith (D:15)
  A kobold demonologist (D:15)
  A tengu conjurer (D:15)
  A demonic crawler (Spider:3)
  A red devil (Lair:6)
  A jumping spider (Spider:3)
  3 hornets
  A shadow (D:14)
  2 spriggans (Lair:4)
  4 tarantellas
  6 redbacks
  A hungry ghost (D:15)
  2 wargs (Orc:1)
  An acid dragon (D:15)
  4 hell hounds
  4 orc warriors
  A swamp drake (Swamp:3)
  An ogre (D:14)
  An eye of draining (D:13)
  5 centaurs
  A wight (D:14)
  4 orc priests
  3 orc wizards
  7 orcs
  4 kobolds (D:14)
89 creatures vanquished.

Vanquished Creatures (others)
  A fire giant (D:15)
  A hydra (Swamp:4)
  An alligator (Swamp:4)
  A deep elf archer (Elf:1)
  3 deep elf magi
  A yaktaur (Vaults:1)
  A hornet (Swamp:2)
  3 yaks (Lair:6)
  An orc (D:13)
  10 demonic plants (Gauntlet)
  A fire vortex (Orc:1)
  16 fungi
  6 plants
  2 withered plants (Gauntlet)
48 creatures vanquished.

Grand Total: 1415 creatures vanquished

Notes
Turn   | Place    | Note
-------+----------+-------------------------------------------
     0 | D:1      | incorrigible the Troll Venom Mage began the quest for the
                  | Orb.
     0 | D:1      | Reached XP level 1. HP: 16/16 MP: 1/1
    97 | D:1      | Reached XP level 2. HP: 24/24 MP: 2/2
   104 | D:1      | Learned a level 2 spell: Poisonous Vapours
   326 | D:1      | Reached XP level 3. HP: 31/31 MP: 3/3
   644 | D:2      | Found a radiant altar of Vehumet.
   804 | D:2      | Found a shattered altar of Ashenzari.
   814 | D:2      | Reached skill level 1 in Unarmed Combat
   880 | D:2      | Reached XP level 4. HP: 39/39 MP: 5/5
   906 | D:2      | Found a white marble altar of Elyvilon.
   962 | D:2      | Found a faded altar of an unknown god.
  1196 | D:2      | Found a hazy altar of Hepliaklqana.
  1564 | D:3      | Found a bloodstained altar of Trog.
  1573 | D:3      | Found a shimmering altar of Xom.
  1948 | D:3      | Reached skill level 2 in Unarmed Combat
  2154 | D:3      | Found an opulent altar of Gozag.
  2155 | D:3      | Found a sparkling altar of Nemelex Xobeh.
  2491 | D:4      | Reached XP level 5. HP: 45/45 MP: 6/6
  2544 | D:4      | Reached skill level 1 in Air Magic
  2547 | D:4      | Reached skill level 3 in Unarmed Combat
  2718 | D:4      | Noticed Ijyb
  2718 | D:4      | Noticed a water moccasin
  2731 | D:4      | Killed Ijyb
  2905 | D:4      | Learned a level 3 spell: Mephitic Cloud
  2939 | D:4      | Got a bloodstained dagger
  2941 | D:4      | Identified the +0 dagger "Yntotab" {holy, Fragile Str+4
                  | Int+8} (You found it on level 4 of the Dungeon)
  2991 | D:4      | Reached XP level 6. HP: 54/54 MP: 7/7
  3084 | D:4      | Killed a water moccasin
  3188 | D:4      | Reached skill level 4 in Unarmed Combat
  3193 | D:4      | Found Hotaluw's Armour Boutique.
  3485 | D:4      | Found a staircase to the Ecumenical Temple.
  3494 | Temple   | Entered the Ecumenical Temple
  3666 | D:2      | Became a worshipper of Elyvilon the Healer
  3704 | D:5      | Entered Level 5 of the Dungeon
  3921 | D:5      | Found a transporter.
  3926 | D:5      | Found a transporter.
  3958 | D:5      | Reached XP level 7. HP: 59/61 MP: 9/9
  4014 | D:5      | Found a glowing golden altar of the Shining One.
  4044 | D:5      | Reached skill level 5 in Unarmed Combat
  4134 | D:5      | Noticed Eustachio
  4177 | D:5      | Killed Eustachio
  4177 | D:5      | Reached skill level 1 in Fighting
  4303 | D:5      | Reached * piety under Elyvilon
  4379 | D:5      | Found a hide-covered altar of Uskayaw.
  4466 | D:5      | Reached skill level 6 in Unarmed Combat
  4575 | D:5      | Reached XP level 8. HP: 59/70 MP: 10/10
  4976 | D:6      | Reached skill level 1 in Conjurations
  5164 | D:6      | Reached skill level 7 in Unarmed Combat
  5490 | D:6      | Reached ** piety under Elyvilon
  5657 | D:6      | Reached XP level 9. HP: 30/79 MP: 12/12
  6024 | D:6      | Found an iron altar of Okawaru.
  6182 | D:6      | Noticed Blork the orc
  6416 | D:6      | Reached skill level 8 in Unarmed Combat
  6883 | D:7      | Noticed a deep elf mage
  6895 | D:7      | Killed a deep elf mage
  7148 | D:7      | Found an ornate altar of the Wu Jian Council.
  7228 | D:8      | Learned a level 4 spell: Olgreb's Toxic Radiance
  7232 | D:8      | Reached *** piety under Elyvilon
  7591 | D:8      | Reached skill level 9 in Unarmed Combat
  7769 | D:8      | Found a sacrificial altar of Ru.
  8149 | D:8      | Reached skill level 5 in Poison Magic
  8759 | D:9      | Reached XP level 10. HP: 70/88 MP: 8/14
  8960 | D:9      | Noticed a two-headed ogre
  8967 | D:9      | Found a bloodstained altar of Trog.
  8967 | D:9      | Found a transporter.
  8976 | D:9      | Reached **** piety under Elyvilon
  8979 | D:9      | Noticed DKeggars's ghost (novice MiFi)
  8986 | D:9      | Found a transporter.
  8989 | D:9      | Noticed a cyclops
  8989 | D:9      | Noticed a moth of wrath
  9610 | D:10     | Entered Level 10 of the Dungeon
  9650 | D:10     | Found a staircase to the Orcish Mines.
 10196 | D:10     | Reached skill level 1 in Shields
 10760 | D:10     | Noticed a two-headed ogre
 10780 | D:10     | Killed a two-headed ogre
 10780 | D:10     | Reached skill level 10 in Unarmed Combat
 10881 | D:10     | Reached XP level 11. HP: 97/97 MP: 5/17
 11320 | D:10     | Found a staircase to the Lair.
 11452 | D:10     | Reached ***** piety under Elyvilon
 11507 | D:10     | Reached skill level 5 in Spellcasting
 11954 | Lair:1   | Entered Level 1 of the Lair of Beasts
 12003 | Lair:1   | Found a gate leading to a gauntlet.
 12008 | Gauntlet | Entered a Gauntlet
 12008 | Gauntlet | Found a transporter.
 12026 | Gauntlet | Found a transporter.
 12037 | Gauntlet | Found a transporter.
 12042 | Gauntlet | Found a transporter.
 12056 | Gauntlet | Noticed a death drake
 12057 | Gauntlet | Found a transporter.
 12074 | Gauntlet | Noticed a hell hog
 12076 | Gauntlet | Found a transporter.
 12084 | Gauntlet | Found a large runed translucent door.
 12085 | Gauntlet | Found a large runed translucent door.
 12086 | Gauntlet | Found a large runed translucent door.
 12086 | Gauntlet | Found a large runed translucent door.
 12087 | Gauntlet | Found a runed translucent gate.
 12088 | Gauntlet | Found a transporter.
 12088 | Gauntlet | Found a runed translucent gate.
 12088 | Gauntlet | Noticed a ghost crab
 12089 | Gauntlet | Found a runed translucent gate.
 12090 | Gauntlet | Found a large runed translucent door.
 12090 | Gauntlet | Found a large runed translucent door.
 12091 | Gauntlet | Found a large runed translucent door.
 12092 | Gauntlet | Found a large runed translucent door.
 12096 | Gauntlet | Noticed a wizard
 12100 | Gauntlet | Found a transporter.
 12100 | Gauntlet | Noticed a wizard
 12112 | Gauntlet | Found a transporter.
 12112 | Gauntlet | Noticed a great orb of eyes
 12115 | Gauntlet | Noticed a red ugly thing
 12124 | Gauntlet | Found a transporter.
 12141 | Gauntlet | Found a transporter.
 12159 | Gauntlet | Found a transporter.
 12161 | Gauntlet | Found a transporter.
 12188 | Gauntlet | Found a transporter.
 12208 | Gauntlet | Found a transporter.
 12282 | Gauntlet | Found a large runed translucent door.
 12282 | Gauntlet | Found a large runed translucent door.
 12282 | Gauntlet | Found a runed translucent door.
 12282 | Gauntlet | Found a runed translucent door.
 12283 | Gauntlet | Found a large runed translucent door.
 12284 | Gauntlet | Found a large runed translucent door.
 12286 | Gauntlet | Found a transporter.
 12302 | Gauntlet | Found a large runed translucent door.
 12302 | Gauntlet | Found a large runed translucent door.
 12303 | Gauntlet | Found a large runed translucent door.
 12304 | Gauntlet | Found a large runed translucent door.
 12306 | Gauntlet | Found a transporter.
 12434 | Gauntlet | Found a transporter.
 12580 | Gauntlet | Killed a red ugly thing
 12590 | Gauntlet | Killed a great orb of eyes
 12731 | Gauntlet | Got a slimy hat
 12739 | Gauntlet | Identified the +1 hat of the Hart {rF+} (You found it in a
                  | Gauntlet)
 12748 | Gauntlet | Gained mutation: You are partially covered in rugged brown
                  | scales. (AC +1, +3% HP) [potion of mutation]
 12748 | Gauntlet | Gained mutation: You are partially covered in thin metallic
                  | scales. (AC +2) [potion of mutation]
 12748 | Gauntlet | Gained mutation: Your movements are slightly less
                  | encumbered by armour. (ER -2) [potion of mutation]
 12748 | Gauntlet | Gained mutation: You have large cloven feet. [potion of
                  | mutation]
 12752 | Gauntlet | Learned a level 2 spell: Passwall
 12752 | Gauntlet | Noticed a minotaur
 13073 | Lair:1   | Noticed a seven-headed hydra
 13159 | Lair:1   | Killed a seven-headed hydra
 13159 | Lair:1   | Reached skill level 1 in Earth Magic
 13304 | Lair:1   | Noticed a seven-headed hydra
 13310 | Lair:1   | Killed a seven-headed hydra
 13310 | Lair:1   | Reached skill level 1 in Transmutations
 14078 | Lair:2   | Reached XP level 12. HP: 38/112 MP: 20/20
 14549 | D:11     | Reached skill level 5 in Shields
 14754 | D:11     | Noticed Urug
 14776 | D:11     | Killed Urug
 14913 | D:11     | Found a shimmering altar of Xom.
 15144 | D:11     | Found the +9 staff of Wucad Mu {channel}
 15409 | D:11     | Got a crude morningstar
 15417 | D:11     | Identified the +8 morningstar of Zisep {crush, *Contam
                  | rN+++ Str+4} (You found it on level 11 of the Dungeon)
 15496 | D:11     | Noticed Maurice
 15506 | D:11     | Killed Maurice
 15581 | D:11     | Found an ancient bone altar of Kikubaaqudgha.
 15647 | D:11     | Reached ****** piety under Elyvilon
 15850 | D:11     | Noticed Josephine
 15868 | D:11     | Killed Josephine
 16504 | D:12     | Found a runed translucent door.
 16574 | D:12     | Reached skill level 11 in Unarmed Combat
 17111 | D:12     | Found Cimof's Antique Weapon Shoppe.
 17297 | D:12     | Reached XP level 13. HP: 89/120 MP: 21/21
 17528 | D:11     | Reached skill level 5 in Fighting
 18651 | Lair:2   | Reached skill level 12 in Unarmed Combat
 18993 | Lair:2   | Noticed Fannar
 19016 | Lair:2   | Killed Fannar
 19385 | Lair:3   | Reached skill level 1 in Armour
 19835 | Lair:3   | You fall through a shaft!
 20024 | Lair:3   | Learned a level 1 spell: Confusing Touch
 20080 | Lair:3   | Reached skill level 1 in Maces & Flails
 20774 | Lair:4   | Found a hole to the Spider Nest.
 20965 | Lair:4   | Found a runed translucent door.
 21363 | Lair:4   | Noticed bmj180's ghost (journeyman TrMo)
 21363 | Lair:4   | Identified the cursed +0 spear "Ziuguh" {freeze, Str-5
                  | Int+5}
 21589 | Lair:4   | Found a staircase to the Swamp.
 21922 | Lair:4   | Learned a level 4 spell: Summon Lightning Spire
 22097 | Lair:3   | Reached skill level 1 in Hexes
 22097 | Lair:3   | Reached XP level 14. HP: 108/131 MP: 23/23
 22497 | Lair:4   | Reached skill level 1 in Invocations
 22500 | Lair:4   | Reached skill level 13 in Unarmed Combat
 22641 | Lair:5   | Reached skill level 1 in Summonings
 23231 | Lair:6   | Entered Level 6 of the Lair of Beasts
 24729 | Lair:6   | Reached skill level 5 in Summonings
 24947 | Lair:6   | Found a viscous altar of Jiyva.
 24947 | Lair:6   | Found a staircase to the Slime Pits.
 25090 | Lair:6   | Found a burning altar of Makhleb.
 25299 | Lair:6   | Found a gateway to Hell.
 25657 | Orc:1    | Entered Level 1 of the Orcish Mines
 25663 | Orc:1    | Noticed an orc warlord
 25678 | D:10     | Killed an orc warlord
 26623 | Orc:2    | Entered Level 2 of the Orcish Mines
 26888 | Orc:2    | Noticed an orc warlord
 26907 | Orc:2    | Killed an orc warlord
 26907 | Orc:2    | Reached skill level 5 in Armour
 26907 | Orc:2    | Reached XP level 15. HP: 121/141 MP: 2/24
 26971 | Orc:2    | Found a staircase to the Elven Halls.
 28108 | Orc:2    | Found Ruloeh's Antique Weapon Shop.
 28108 | Orc:2    | Found Wisuopisch's Distillery.
 28110 | Orc:2    | Found Pufyvipa's Magic Scroll Emporium.
 28112 | Orc:2    | Found Qeeweth's Armour Boutique.
 28392 | Orc:2    | Bought a potion of heal wounds for 70 gold pieces
 28392 | Orc:2    | Bought a potion of might for 56 gold pieces
 28392 | Orc:2    | Bought a potion of heal wounds for 70 gold pieces
 28392 | Orc:2    | Bought a potion of heal wounds for 70 gold pieces
 28563 | Spider:1 | Entered Level 1 of the Spider Nest
 29530 | Spider:2 | Reached skill level 5 in Air Magic
 31407 | Lair:4   | Killed bmj180's ghost
 31557 | Swamp:1  | Entered Level 1 of the Swamp
 32478 | Swamp:1  | HP: 6/141 [spriggan rider/+0 spear (4)]
 33610 | Swamp:2  | Noticed a thorn hunter
 33635 | Swamp:2  | Killed a thorn hunter
 33635 | Swamp:2  | Reached XP level 16. HP: 91/150 MP: 25/25
 33951 | Swamp:2  | Found the +9 heavy crossbow "Sniper" {velocity, Acc+∞ SInv}
 34164 | Swamp:2  | Reached skill level 10 in Armour
 34235 | Swamp:2  | You fall through a shaft!
 34363 | Swamp:3  | Noticed a thorn hunter
 34376 | Swamp:3  | Elyvilon protects you from harm!
 34379 | Swamp:3  | Killed a thorn hunter
 34617 | Swamp:3  | Reached skill level 14 in Unarmed Combat
 34627 | Swamp:3  | Paralysed by a hornet for 1 turns
 34738 | Swamp:3  | Found a large runed translucent door.
 34738 | Swamp:3  | Found a large runed translucent door.
 34742 | Swamp:3  | Noticed eskel's ghost (adept GnWz)
 35256 | Swamp:2  | You fall through a shaft!
 36047 | Swamp:3  | Noticed Kirke
 36595 | Swamp:3  | Killed Kirke
 36833 | Swamp:3  | Paralysed by a hornet for 3 turns
 37149 | Swamp:4  | Entered Level 4 of the Swamp
 37149 | Swamp:4  | Noticed Louise
 38195 | D:12     | Found a roughly hewn altar of Beogh.
 38278 | D:13     | Reached skill level 15 in Unarmed Combat
 39209 | D:14     | Found a gate to the Vaults.
 39586 | D:14     | Reached XP level 17. HP: 162/162 MP: 5/26
 39962 | D:15     | Entered Level 15 of the Dungeon
 39981 | D:15     | Paralysed by a floating eye for 3 turns
 40145 | D:15     | Noticed Azrael
 40189 | D:15     | Killed Azrael
 40424 | D:15     | Found a staircase to the Depths.
 40450 | D:15     | Paralysed by a floating eye for 2 turns
 40457 | D:15     | Paralysed by a floating eye for 2 turns
 40741 | D:15     | Reached skill level 16 in Unarmed Combat
 40771 | D:15     | Found Irujolef's Magic Scroll Emporium.
 40981 | D:15     | Identified Sif Muna's Collected Works on Creation and Snow
 41165 | D:15     | Found Laneny's Assorted Antiques.
 41249 | D:15     | Got a crude glass ring
 41250 | D:15     | Identified the ring of Imesh {+Fly rF+ Str+3} (You found it
                  | on level 15 of the Dungeon)
 41340 | D:15     | Got a coiled granite ring
 41341 | D:15     | Identified the ring of the Present {rN+ Stlth+} (You found
                  | it on level 15 of the Dungeon)
 41352 | D:15     | Identified the cursed +1 executioner's axe of Action {elec,
                  | Str+3}
 41382 | D:15     | Found Motanufe's Gadget Boutique.
 41488 | D:15     | Got a slimy turquoise ring
 41519 | D:15     | Identified the ring of the Jester {rC+ Str+4 Int-4 Dex+4}
                  | (You found it on level 15 of the Dungeon)
 42348 | Spider:3 | Reached skill level 1 in Throwing
 43686 | Elf:1    | Entered Level 1 of the Elven Halls
 43792 | Elf:1    | Noticed Donald
 43802 | Elf:1    | Killed Donald
 44034 | Elf:1    | Reached skill level 1 in Evocations
 44413 | Elf:1    | Reached XP level 18. HP: 176/176 MP: 1/29
 45919 | Elf:1    | Cast into level 2 of the Abyss (+2 trident of distortion)
 45994 | Elf:1    | Escaped the Abyss
 46017 | Elf:1    | Reached skill level 17 in Unarmed Combat
 46727 | Elf:2    | Found a huge runed translucent gate.
 46730 | Elf:2    | Found a huge runed translucent gate.
 46730 | Elf:2    | Found a huge runed translucent gate.
 46731 | Elf:2    | Found a huge runed translucent gate.
 46732 | Elf:2    | Found a huge runed translucent gate.
 47077 | Spider:4 | Entered Level 4 of the Spider Nest
 48446 | Spider:4 | Reached skill level 10 in Fighting
 49212 | Spider:4 | Got a gossamer rune of Zot
 49602 | Swamp:3  | Killed eskel's ghost
 50177 | Swamp:4  | Reached skill level 18 in Unarmed Combat
 51554 | Vaults:1 | Entered Level 1 of the Vaults
 52063 | Vaults:1 | Noticed Sojobo
 52069 | Vaults:1 | Noticed Asterion
 52288 | Vaults:1 | HP: 6/181 [Asterion/+1 demon trident of flaming (12)]
 52288 | Vaults:1 | Demolished by Sojobo

Skill      XL: |  1  2  3  4  5  6  7  8  9 10 11 12 13 14 15 16 17 18 |
---------------+-------------------------------------------------------+-----
Poison Magic   | 3 4 5 6 7 |  7.0
Unarmed Combat | 1 2 3 4 6 7 9 10 11 12 13 15 16 18 | 18.3
Air Magic      | 1 2 3 4 6 |  6.0
Spellcasting   | 2 3 4 6 7 8 |  8.0
Fighting       | 1 2 3 4 5 6 8 9 10 | 10.5
Conjurations   | 1 2 3 |  3.0
Shields        | 1 3 9 |  9.0
Earth Magic    | 1 3 |  3.0
Transmutations | 1 2 |  2.4
Armour         | 2 5 9 10 11 | 11.0
Maces & Flails | 2 |  2.0
Hexes          | 1 |  1.1
Invocations    | 1 |  1.0
Summonings     | 6 7 |  7.0
Throwing       | 3 4 |  4.0
Evocations     | 1 4 |  4.4
Dodging        | |  1.5
Stealth        | |  1.0

Action                   |  1- 3 |  4- 6 |  7- 9 | 10-12 | 13-15 | 16-18 || total
-------------------------+-------+-------+-------+-------+-------+-------++-------
Melee: Unarmed           |   136 |   201 |   435 |   548 |  1463 |  1762 ||  4545
       Punch             |       |     2 |    14 |    17 |       |       ||    33
       Kick              |       |       |       |   101 |   403 |   494 ||   998
       Eveningstar       |       |       |       |       |    41 |    35 ||    76
       Scimitar          |       |       |       |       |       |    26 ||    26
Throw: Javelin           |       |       |       |       |     7 |     6 ||    13
       Large rock        |       |       |       |       |       |    36 ||    36
 Cast: Poisonous Vapours |       |     3 |    11 |    72 |   170 |   173 ||   429
       Mephitic Cloud    |       |       |     1 |     1 |       |     1 ||     3
       Olgreb's Toxic Ra |       |       |       |    44 |   116 |    60 ||   220
       Confusing Touch   |       |       |       |       |    13 |    24 ||    37
       Summon Lightning  |       |       |       |       |    45 |   149 ||   194
Invok: Greater Healing   |       |       |       |     1 |       |     1 ||     2
 Abil: Evoke Flight      |       |       |       |       |     3 |     3 ||     6
Evoke: Wand              |       |     3 |       |    10 |    16 |    19 ||    48
       Box of beasts     |       |       |       |       |     3 |     4 ||     7
       Phantom mirror    |       |       |       |       |       |     1 ||     1
  Use: Scroll            |       |     1 |       |    16 |    16 |    17 ||    50
       Potion            |       |     1 |       |     4 |     3 |     8 ||    16
 Stab: Sleeping          |     2 |     4 |     2 |     2 |       |       ||    10
       Confused          |       |       |       |     1 |     6 |    11 ||    18
       Petrified         |       |       |       |       |     5 |       ||     5
       Distracted        |       |       |       |       |     5 |    15 ||    20
  Eat: Chunk             |    14 |    22 |    50 |    83 |   148 |   157 ||   474
       Ration            |       |       |       |     3 |     7 |    16 ||    26
Armor: Robe              |    72 |    75 |   162 |   195 |     7 |       ||   511
       Acid dragon scale |       |       |       |       |   387 |       ||   387
       Ice dragon scales |       |       |       |       |   322 |  1110 ||  1432
Dodge: Dodged            |    62 |   111 |   232 |   244 |   532 |   619 ||  1800
Block: Shield            |       |       |       |   124 |   766 |   936 ||  1826
       Reflection        |       |       |       |       |       |    23 ||    23
       Rpst.: Scimitar   |       |       |       |       |       |     1 ||     1
